 Dungeon Crawl Stone Soup version 0.22.1-6-g1668fe2c40 (webtiles) character file.

282 H0rd4k the Charlatan (level 6, -1/46 HPs)
             Began as a Human Artificer on Jan 22, 2019.
             Slain by a gnoll
             ... wielding a +4 whip of electrocution
              (8 damage)
             ... on level 4 of the Dungeon.
             The game lasted 00:05:35 (4128 turns).

H0rd4k the Charlatan (Human Artificer)              Turns: 4128, Time: 00:05:36

Health: -1/46      AC:  3    Str: 15    XL:     6   Next: 53%
Magic:  8/8        EV: 13    Int: 11    God:
Gold:   178        SH:  0    Dex: 13    Spells: 5/5 levels left

rFire    . . .     SeeInvis .   a - +0 short sword
rCold    . . .     Gourm    .   (no shield)
rNeg     . . .     Faith    .   b - +0 leather armour
rPois    .         Spirit   .   (no helmet)
rElec    .         Reflect  .   (no cloak)
rCorr    .         Harm     .   (no gloves)
MR       .....                  (no boots)
Stlth    +.........             (no amulet)
HPRegen  0.15/turn              (no ring)
MPRegen  0.11/turn              (no ring)

@: no status effects
A: no striking features
a: no special abilities


You were on level 4 of the Dungeon.
You were not hungry.

You visited 1 branch of the dungeon, and saw 4 of its levels.

You collected 178 gold pieces.

Inventory:

Hand Weapons
 a - a +0 short sword (weapon)
 j - a +0 hunting sling
Missiles
 l - 33 bolts
 m - 49 arrows
 o - 12 poisoned needles
Armour
 b - a +0 leather armour (worn)
 q - a +1 helmet
 z - a +0 pair of boots
Jewellery
 g - an uncursed ring of see invisible {unknown}
 v - an uncursed ring of flight {unknown}
 C - an uncursed ring of flight {unknown}
Wands
 d - a wand of enslavement (15)
 e - a wand of random effects (9)
 u - a wand of acid (7)
Scrolls
 h - 2 scrolls of magic mapping {unknown}
 i - 3 scrolls of identify {unknown}
 k - 2 scrolls of teleportation {unknown}
 n - 2 scrolls of blinking {unknown}
 r - a scroll of amnesia {unknown}
 t - a scroll of fear {unknown}
 y - a scroll of immolation {unknown}
 B - a scroll of noise {unknown}
 D - a scroll of remove curse {unknown}
Potions
 p - 2 potions of agility {unknown}
 s - a potion of brilliance {unknown}
 x - a potion of mutation {unknown}
 A - a potion of curing {unknown}
Comestibles
 f - 5 rations


   Skills:
 + Level 2.4 Fighting
 + Level 3.3 Short Blades
 + Level 2.2 Armour
 + Level 3.3 Dodging
 + Level 1.2 Stealth
 + Level 3.8 Evocations


You had 5 spell levels left.
You didn't know any spells.
Your spell library was empty.

Dungeon Overview and Level Annotations

Branches:
Dungeon (4/15)
 Temple: D:4-7

Altars:
Dithmenos
Elyvilon
Gozag
Wu Jian
Xom
Zin


Message History

A gnoll comes into view. It is wielding a whip of electrocution.
The gnoll shaman calls upon its god to speed up the gnoll.
The gnoll seems to speed up.
The gnoll shouts!
You hit the worm.
The worm is moderately wounded.
You see here a ration.
The gnoll shaman calls upon its god to speed up something.
You see here a hound corpse.
The gnoll misses you. The gnoll hits you. The gnoll hits you.
The ooze misses you. The gnoll hits you. The gnoll misses you.
The gnoll hits you with a whip of electrocution.
You are electrocuted!
The gnoll hits you with a whip of electrocution!
* * * LOW HITPOINT WARNING * * *
You are electrocuted!
You die...

♣..............#
.....♣.♣[.............#
.....♣.♣..............#
♣...♣.♣..............#
♣...................# #
♣.........<.........## #
♣♣....................# #
.♣♣♣♣♣.....J................
##
..........gg@.........####..
.# ....................##
.########................#
g##...####................#
.g......##................#
.w...†...............###...#
...######.........#### ##..#
.....# ##...##...# ...#
........ #..#####..# #...


You could see 2 gnolls and an ooze.

Vanquished Creatures
  A water moccasin skeleton (D:4)
  A hound (D:4)
  A worker ant (D:3)
  Robin (D:2)
  4 adders
  3 oozes
  An adder skeleton (D:4)
  2 worms
  3 dart slugs
  A leopard gecko (D:2)
  5 orcs
  14 bats
  3 giant cockroaches
  17 goblins
  7 hobgoblins
  7 jackals
  11 kobolds
  2 quokkas (D:3)
  2 frilled lizards
  9 rats
95 creatures vanquished.

Notes
Turn   | Place    | Note
-------+----------+-------------------------------------------
     0 | D:1      | H0rd4k the Human Artificer began the quest for the Orb.
     0 | D:1      | Reached XP level 1. HP: 15/15 MP: 3/3
   374 | D:1      | Reached XP level 2. HP: 21/21 MP: 4/4
   682 | D:1      | Reached XP level 3. HP: 26/26 MP: 5/5
  1065 | D:2      | Reached skill level 1 in Armour
  1101 | D:2      | Noticed Robin
  1105 | D:2      | Reached XP level 4. HP: 19/32 MP: 6/6
  1494 | D:2      | Found a shadowy altar of Dithmenos.
  1519 | D:2      | Found a faded altar of an unknown god.
  1587 | D:2      | Killed Robin
  2075 | D:2      | Found an opulent altar of Gozag.
  2132 | D:2      | Reached XP level 5. HP: 14/37 MP: 7/7
  3592 | D:3      | Found an ornate altar of the Wu Jian Council.
  3597 | D:3      | Found a shimmering altar of Xom.
  3597 | D:3      | Found a white marble altar of Elyvilon.
  3599 | D:3      | Found a glowing silver altar of Zin.
  3599 | D:3      | Found a shimmering altar of Xom.
  3599 | D:3      | Found a glowing silver altar of Zin.
  3805 | D:4      | Reached XP level 6. HP: 13/44 MP: 8/8
  4128 | D:4      | Slain by a gnoll

Skill      XL: |  1  2  3  4  5 |
---------------+----------------+-----
Armour         | 1 2 |  2.2
Short Blades   | 2 3 |  3.3
Dodging        | 3 |  3.3
Fighting       | 2 |  2.4
Stealth        | |  1.2
Evocations     | |  3.8

Action                   |  1- 3 |  4- 6 || total
-------------------------+-------+-------++-------
Melee: Short sword       |   112 |   311 ||   423
Evoke: Wand              |     2 |    19 ||    21
  Use: Potion            |     1 |     1 ||     2
 Stab: Sleeping          |     1 |     2 ||     3
  Eat: Chunk             |       |     8 ||     8
       Ration            |       |     1 ||     1
Armor: Leather armour    |    35 |    79 ||   114
Dodge: Dodged            |   108 |   230 ||   338
